 Dungeon Crawl Stone Soup version 0.27.1-34-g3ba077fa99 (webtiles) character file.

Game seed: 14300818519796628885

120 wispofvapor the Skirmisher (level 4, -5/45 HPs)
             Began as a Troll Berserker on Dec 31, 2021.
             Was a Believer of Trog.
             Slain by an ancient zyme (11 damage)
             ... on level 1 of the Abyss on Jan 1, 2022.
             The game lasted 00:26:52 (2130 turns).

wispofvapor the Skirmisher (Troll Berserker)        Turns: 2130, Time: 00:26:53

Health: -5/45      AC:  4    Str: 25    XL:     4   Next: 75%
Magic:  3/3        EV: 10    Int:  3    God:    Trog [**....]
Gold:   67         SH:  0    Dex: 10    Spells: 3/3 levels left

rFire    . . .     SeeInvis .   r - +1 dagger (distort)
rCold    . . .     Faith    .   (no shield)
rNeg     . . .     Spirit   .   c - +0 robe
rPois    .         Reflect  .   (helmet restricted)
rElec    .         Harm     .   (no cloak)
rCorr    .         Rampage  .   (gloves unavailable)
Will     .....                  (boots unavailable)
Stlth    +.........             (no amulet)
HPRegen  0.00/turn              (no ring)
MPRegen  0.08/turn              (no ring)

@: diseased
A: large, unfitting armour, claws 3, regeneration 1, shaggy fur 1, tough skin 1
a: Renounce Religion, Berserk, Trog's Hand


You were on level 1 of the Abyss.
You worshipped Trog.
Trog was pleased with you.
You visited 1 branch of the dungeon, and saw 3 of its levels.
You visited the Abyss 1 time.

You collected 67 gold pieces.

Inventory:

Hand Weapons
 a - a +0 hand axe
 g - a +0 dagger
 i - a +0 hunting sling
 j - a +0 dagger
 l - a +0 club
 m - a +0 dagger
 n - a +0 dagger
 o - a +0 club
 p - a +0 short sword
 r - a +1 dagger of distortion (weapon)
Missiles
 k - 63 stones (quivered)
 s - 13 poisoned darts
 v - 5 javelins
Armour
 b - a +0 animal skin
 c - a +0 robe (worn)
Scrolls
 e - a scroll of amnesia {unknown}
 f - 3 scrolls of teleportation {unknown}
 h - 2 scrolls of identify {unknown}
 t - 2 scrolls of noise {unknown}
 w - a scroll of vulnerability {unknown}
Potions
 d - a potion of mutation {unknown}
 q - a potion of attraction {unknown}
 u - a potion of flight {unknown}
 x - a potion of invisibility {unknown}
 z - a potion of lignification {unknown}


   Skills:
 + Level 3.1 Fighting
 + Level 1.2 Short Blades
 + Level 3.0 Axes
 + Level 3.0 Dodging
 + Level 0.5 Stealth


You had 3 spell levels left.
You didn't know any spells.
Your spell library was empty.

Dungeon Overview and Level Annotations

Branches:
Dungeon (3/15)

Altars:
Qazlal

Shops:
D:1 [


Innate Abilities, Weirdness & Mutations

You are too large for most types of armour.
You have claws for hands.
Your natural rate of healing is unusually fast.
You are covered in fur. (AC +1)
You have tough skin. (AC +1)


Message History

Press: ? - help, Q - select action, (/) - cycle Shift-Dir - straight line, f/p - jackal
Aim: a jackal (lightly wounded, 47% to hit)
You shoot a stone. The stone completely misses the jackal.
Fire: 63 stones
Press: ? - help, Q - select action, (/) - cycle Shift-Dir - straight line, f/p - jackal
Aim: a jackal (lightly wounded, 47% to hit)
You shoot a stone. The stone closely misses the jackal.
The jackal bites you but does no damage.
Really wield
r - a +1 dagger of distortion?
Space warps around you for a moment!
r - a +1 dagger of distortion (weapon)
You hit the jackal but do no damage.
Space warps horribly around the jackal!
You kill the jackal!
Trog accepts your kill.
You hit the hobgoblin.
Space bends around the hobgoblin.
You kill the hobgoblin!
Trog accepts your kill.
You see here a jackal corpse.
k - 63 stones (gained 1)
You see here a jackal corpse.
z - a fuming green potion An ancient zyme comes into view.
You feel yourself growing ill in the presence of the ancient zyme.
You see here a jackal corpse.
You feel ill.
You see here a stone.
You hit the ancient zyme.
Space warps horribly around the ancient zyme!!
The ancient zyme is heavily damaged.
The ancient zyme barely misses you. The ancient zyme hits you!
You hit the ancient zyme but do no damage.
Space bends around the ancient zyme.
The ancient zyme is heavily damaged.
The ancient zyme hits you! The ancient zyme hits you.
You closely miss the ancient zyme.
The ancient zyme is heavily damaged.
The ancient zyme hits you!
* * * LOW HITPOINT WARNING * * *
The ancient zyme hits you!
You die...

.. ..♣.♣ #.$. .. . .
.. ♣.♣ ..# ..# .. ..
♣.♣# ##..##..# ..
.....♣..###.#......
.. ................
...
..........††.##..#
...........#...##..#
#............... ##
. .......@.......
#..#..##x.##..# .
.#....# ..# ..#
....#.. .... ..
..#.. w.... .....
..##..# ... ..# ..#
... ..


You could see an ancient zyme and a worm.

Vanquished Creatures
  A gnoll (D:3)
  3 adders (D:2)
  3 dart slugs
  3 worms (D:2)
  7 ball pythons
  3 endoplasms
  2 giant cockroaches (D:1)
  3 goblins (D:1)
  4 hobgoblins
  10 jackals
  A quokka (D:3)
  2 bats (D:2)
  4 frilled lizards
  8 kobolds
  9 rats
63 creatures vanquished.

Vanquished Creatures (others)
  19 plants
19 creatures vanquished.

Grand Total: 82 creatures vanquished

Notes
Turn   | Place    | Note
-------+----------+-------------------------------------------
     0 | D:1      | wispofvapor the Troll Berserker began the quest for the
                  | Orb.
     0 | D:1      | Reached XP level 1. HP: 22/22 MP: 0/0
   104 | D:1      | Found Ludiot's Antique Armour Shop.
   256 | D:1      | Reached XP level 2. HP: 29/29 MP: 1/1
   927 | D:1      | Reached XP level 3. HP: 36/36 MP: 2/2
  1020 | D:1      | Found a faded altar of an unknown god.
  1158 | D:2      | Found a stormy altar of Qazlal.
  1187 | D:2      | Reached ** piety under Trog
  1201 | D:2      | Upgraded the game from 0.27.1-33-g824d729ab1 to
                  | 0.27.1-34-g3ba077fa99
  1475 | D:2      | Reached XP level 4. HP: 45/45 MP: 3/3
  1511 | D:2      | Reached skill level 1 in Short Blades
  2098 | D:3      | Cast into level 1 of the Abyss (unwielding a weapon of
                  | distortion)
  2124 | Abyss:1  | Noticed an ancient zyme
  2130 | Abyss:1  | Slain by an ancient zyme

Illustrated notes

Levels and vault maps discovered:
D:1:      giann_forest_graveyard, layout_basic, serial_shops, shop,
          dreamdust_ecumenical_altar_angels_and_demons, hangedman_decor_points,
          lexackson_kobold_supper
D:2:      layout_basic, basic_altar, minmay_between
D:3:      layout_rooms, tso_oasis_becter, mainiacjoe_overflow_catwalk_spiral,
          serial_forest, infiniplex_forest_end_2,
          infiniplex_forest_lined_room_2, infiniplex_forest_lined_2,
          infiniplex_forest_clump_cross, infiniplex_forest_clump_double,
          infiniplex_forest_end_3, infiniplex_forest_straight_2,
          palyth_stone_intersect, minmay_rat_hole, uniq_jessica
Abyss:1:  base: Temple, minivault_19, minivault_13

Skill      XL: |  1  2  3  4 |
---------------+-------------+-----
Fighting       | 3 |  3.1
Axes           | 3 |  3.0
Short Blades   | 1 |  1.2
Dodging        | 3 |  3.0
Stealth        | |  0.5

Action                   |  1- 3 |  4- 6 || total
-------------------------+-------+-------++-------
Melee: Hand axe          |    95 |       ||    95
       Dagger            |    37 |    62 ||    99
 Fire: Hunting sling     |       |     8 ||     8
Throw: Dart              |     4 |     4 ||     8
Invok: Berserk           |     1 |       ||     1
       Trog's Hand       |       |     1 ||     1
Armor: Robe              |    33 |    24 ||    57
       Animal skin       |     1 |       ||     1
Dodge: Dodged            |    59 |    37 ||    96
